 Dungeon Crawl Stone Soup version 0.22-a0-455-ga0624bf (webtiles) character file.

48 Mgcat the Chopper (level 3, -6/46 HPs)
             Began as a Hill Orc Berserker on June 5, 2018.
             Was a Believer of Trog.
             Mangled by a gnoll
             ... wielding a +0 spear
              (8 damage)
             ... on level 2 of the Dungeon.
             The game lasted 00:01:20 (699 turns).

Mgcat the Chopper (Hill Orc Berserker)               Turns: 699, Time: 00:01:21

Health: -6/46      AC:  3    Str: 25    XL:     3   Next: 72%
Magic:  3/3        EV: 12    Int:  7    God:    Trog [**....]
Gold:   35         SH:  0    Dex: 10    Spells: 2/2 levels left

rFire    . . .     SeeInvis .   a - +0 hand axe
rCold    . . .     Gourm    .   (no shield)
rNeg     . . .     Faith    .   b - +0 animal skin
rPois    .         Spirit   .   (no helmet)
rElec    .         Reflect  .   (no cloak)
rCorr    .         Harm     .   (no gloves)
MR       .....                  g - +0 pair of boots
Stlth    ..........             (no amulet)
HPRegen  0.15/turn              (no ring)
MPRegen  0.08/turn              (no ring)

@: berserking, very quick
A: no striking features
a: Berserk, Trog's Hand, Renounce Religion


You were on level 2 of the Dungeon.
You worshipped Trog.
Trog was pleased with you.
You were very hungry.

You visited 1 branch of the dungeon, and saw 2 of its levels.

You collected 35 gold pieces.

Inventory:

Hand Weapons
 a - a +0 hand axe (weapon)
Armour
 b - a +0 animal skin (worn)
 g - a +0 pair of boots (worn)
   (You found it on level 1 of the Dungeon)
Scrolls
 e - a scroll of teleportation {unknown}
 h - 2 scrolls of identify {unknown}
Potions
 f - a potion of heal wounds {unknown}
Comestibles
 c - a ration


   Skills:
 - Level 3.6 Fighting
 + Level 6.1 Axes
 - Level 2.1 Armour
 - Level 1.5 Dodging


You had 2 spell levels left.
You didn't know any spells.
Your spell library was empty.

Dungeon Overview and Level Annotations

Branches:
Dungeon (2/15)

Altars:


Message History

The worm is severely wounded.
The gnoll misses you. The worm misses you.
A quokka comes into view.
The quokka moves out of view.
You hit the worm.
The worm is severely wounded.
The gnoll misses you.
You slash the worm!
You kill the worm!
Trog accepts your kill.
You can now call upon Trog for regeneration and magic resistance.
The gnoll hits you from afar with a spear.
An adder comes into view.
The gnoll barely misses you.
You see here a worm corpse.
You barely miss the gnoll. You hit the quokka. The gnoll misses you.
The quokka bites you.
You closely miss the gnoll. You hit the quokka but do no damage.
The gnoll misses you. The quokka misses you.
You hit the gnoll but do no damage. You barely miss the quokka.
The quokka bites you. The gnoll barely misses you.
You barely miss the gnoll. You closely miss the quokka. The quokka bites you.
The gnoll closely misses you. The adder bites you but does no damage.
The quokka bites you but does no damage.
A red film seems to cover your vision as you go berserk!
You feel yourself moving faster!
You feel mighty!
You feel a lot more hungry. The gnoll hits you with a spear!
* * * LOW HITPOINT WARNING * * *
The adder closely misses you. The quokka bites you.
* * * LOW HITPOINT WARNING * * *
You slash the gnoll!
The gnoll is almost dead.
You closely miss the quokka. You slash the adder!
The gnoll hits you with a spear.
* * * LOW HITPOINT WARNING * * *
The adder completely misses you. The quokka barely misses you.
You closely miss the adder.
The adder is almost dead.
You slash the gnoll!
You kill the gnoll!
Trog accepts your kill.
You slash the quokka!
You kill the quokka!
Trog accepts your kill. The adder bites you but does no damage.
You slash the adder!
You kill the adder!
Trog accepts your kill.
Your Axes skill increases to level 6!
You feel a strong urge to attack something.
You feel your anger nearly subside.
There is a stone staircase leading up here.
You are no longer berserk.
You are exhausted.
You feel yourself slow down.
You climb upwards.
There is a stone staircase leading down here.
You start resting.
All of the chunks of flesh in your inventory have rotted away.
You feel yourself speed up.
You start resting.
You recover from your berserk rage.
You start resting.
HP restored.
You start resting.
HP restored.
You climb downwards.
There is a stone staircase leading up here.
Things that are here:
a spear; a gnoll skeleton 2 gnolls come into view.
The gnoll shouts!
There are monsters nearby!
The gnoll shouts!
You hit the gnoll.
The gnoll is moderately wounded.
The gnoll hits you from afar with a spear.
You hit the gnoll.
The gnoll is moderately wounded.
The gnoll hits you with a whip. The gnoll hits you but does no damage.
You closely miss the gnoll.
The gnoll is moderately wounded.
The gnoll barely misses you.
The gnoll hits you from afar with a spear.
You are too injured to fight recklessly!
You are too injured to fight recklessly!
You are too injured to fight recklessly!
The gnoll hits you with a whip. The gnoll hits you with a spear!
* * * LOW HITPOINT WARNING * * *
You hit the gnoll.
The gnoll is moderately wounded.
You hit the gnoll. The gnoll closely misses you.
The gnoll hits you but does no damage.
A red film seems to cover your vision as you go berserk!
You feel yourself moving faster!
You feel mighty!
You are feeling very hungry.
The gnoll hits you with a whip!
* * * LOW HITPOINT WARNING * * *
The gnoll hits you with a spear!
You die...

#.####.#.#.###.##
#...(...)........
#####..#..###.%#
###.##..# #
#....#..# .#
+...[...###.#
#.......%...#
#...........#
#......g@...#
#..##..g...## #.#
#......# #.
#......# #.....##
#.....+ #.....#
#.....#


You could see 2 gnolls.

Vanquished Creatures
  A gnoll (D:2)
  An adder (D:2)
  A worm (D:2)
  A dart slug (D:1)
  5 bats (D:1)
  A giant cockroach (D:1)
  3 goblins (D:1)
  A hobgoblin (D:1)
  2 jackals (D:1)
  2 kobolds (D:1)
  A quokka (D:2)
  3 frilled lizards (D:1)
  2 rats (D:1)
24 creatures vanquished.

Notes
Turn   | Place    | Note
-------+----------+-------------------------------------------
     0 | D:1      | Mgcat the Hill Orc Berserker began the quest for the Orb.
     0 | D:1      | Reached XP level 1. HP: 19/19 MP: 1/1
   129 | D:1      | Reached XP level 2. HP: 24/26 MP: 2/2
   169 | D:1      | Reached skill level 5 in Axes
   257 | D:1      | Reached XP level 3. HP: 16/31 MP: 3/3
   439 | D:2      | Reached ** piety under Trog
   445 | D:2      | HP: 10/46 [quokka (3)]
   448 | D:2      | Reached skill level 6 in Axes
   697 | D:2      | HP: 7/31 [gnoll/spear (9)]
   699 | D:2      | HP: 2/46 [gnoll/whip (9)]
   699 | D:2      | Mangled by a gnoll

Vault maps used:
D:1:      mrwooster_arrival_statue_3, minmay_heptomino_d4
D:2:      old_standard_altar, nemelex_diamond_rough_becter, uniq_natasha,
          uniq_jessica, uniq_crazy_yiuf_cottage

Skill      XL: |  1  2  3 |
---------------+----------+-----
Axes           | 5 6 |  6.1
Fighting       | |  3.6
Armour         | |  2.1
Dodging        | |  1.5

Action                   || total
-------------------------++-------
Melee: Hand axe          ||    63
Invok: Berserk           ||     2
Armor: Animal skin       ||    17
Dodge: Dodged            ||    45

Table legend:
 A = Spawn XP
 B = Non-spawn XP
 C = Spawn XP percentage of total XP
 D = Spawn monster count
 E = Non-spawn monster count
 F = Spawn count percentage of total count
 G = Total turns spent on level
                    A         B        C        D         E        F      G
               +---------+---------+-------+---------+---------+-------+---------
         Total |       0 |      69 |   0.0 |       0 |      24 |   0.0 |   699
               +---------+---------+-------+---------+---------+-------+---------
           D:1 |       0 |      35 |   0.0 |       0 |      20 |   0.0 |   653
           D:2 |       0 |      34 |   0.0 |       0 |       4 |   0.0 |    46
               +---------+---------+-------+---------+---------+-------+---------

Vault maps used:
D:1:      mrwooster_arrival_statue_3, minmay_heptomino_d4
D:2:      old_standard_altar, nemelex_diamond_rough_becter, uniq_natasha,
          uniq_jessica, uniq_crazy_yiuf_cottage

Table legend:
 A = Turns spent in this place as a percentage of turns spent in the entire game.
 B = Non-inter-level travel turns spent in this place as a percentage of non-inter-level travel turns spent in the entire game.
 C = Inter-level travel turns spent in this place as a percentage of turns spent in this place.
 D = Turns resting spent in this place as a percentage of non-inter-level travel turns spent in this place.
 E = Turns spent auto-exploring this place as a percentage of non-inter-level travel turns spent in this place.
 F = Non-inter-level travel turns spent in this place divided by the number of levels of this place that you've seen.
                   A       B       C       D       E      F
               +-------+-------+-------+-------+-------+----------------------
         Total | 100.0 | 100.0 |   1.6 |  53.1 |  27.0 | 344.0
       Dungeon | 100.0 | 100.0 |   1.6 |  53.1 |  27.0 | 344.0
               +-------+-------+-------+-------+-------+----------------------

Table legend:
 A = Kills in this place as a percentage of kills in entire the game.
 B = Kills by you in this place as a percentage of kills by you in the entire game.
 C = Kills by friends in this place as a percentage of kills by friends in the entire game.
 D = Other kills in this place as a percentage of other kills in the entire game.
 E = Experience gained in this place as a percentage of experience gained in the entire game.
 F = Experience gained in this place divided by the number of levels of this place that you have seen.
                   A       B       C       D       E      F
               +-------+-------+-------+-------+-------+----------------------
         Total | 100.0 | 100.0 |   N/A |   N/A | 100.0 |  34.5
       Dungeon | 100.0 | 100.0 |   N/A |   N/A | 100.0 |  34.5
               +-------+-------+-------+-------+-------+----------------------
